 Dungeon Crawl Stone Soup version 0.30.1-3-gfc49f6343a (webtiles) character file.

Game seed: 5831897590885368730

620 wingedge the Grave Robber (level 7, -5/56 HPs)
             Began as a Demigod Wanderer on Aug 5, 2023.
             Slain by a mummy (14 damage)
             ... in an ossuary.
             The game lasted 00:14:50 (3474 turns).

wingedge the Grave Robber (Demigod Wanderer)        Turns: 3474, Time: 00:14:51

Health: -5/56      AC: 11    Str: 12    XL:     7   Next: 1%
Magic:  14/14      EV: 10    Int: 23    God:
Gold:   204        SH:  0    Dex: 13    Spells: 8/12 levels left

rFire   + . .        c - +1 whip (flame)
rCold   . . .        (no shield)
rNeg    . . .        h - +5 ring mail {rF+}
rPois   .            (no helmet)
rElec   .            (no cloak)
rCorr   .            (no gloves)
SInv    .            l - +0 pair of boots
Will    .....        k - amulet of magic regeneration
Stlth   +            (no ring)
HPRegen 0.29/turn    (no ring)
MPRegen 0.54/turn

%: no passive effects
@: about to teleport
A: high MP 1, forlorn, divine attributes
a: no special abilities


You were in an ossuary.
You visited 1 branch of the dungeon, and saw 4 of its levels.
You also visited: Ossuary.

You collected 204 gold pieces.

Inventory:

Hand Weapons
 a - a +2 dagger of venom
 c - a +1 whip of flaming (weapon)
Missiles
 b - 2 curare-tipped darts (quivered)
 q - 6 poisoned darts
Armour
 h - a +5 ring mail of fire resistance (worn)
 l - a +0 pair of boots (worn)
Jewellery
 k - an amulet of magic regeneration (around neck)
 n - a ring of fire
Scrolls
 d - a scroll of fog
 e - 3 scrolls of fear
 j - a scroll of vulnerability
 o - a scroll of poison
Potions
 g - a potion of might {unknown}
 i - a potion of magic {unknown}
 m - a potion of mutation {unknown}
 s - a potion of haste {unknown}


   Skills:
 + Level 2.9 Fighting
 - Level 4.5 Throwing
 + Level 0.3 Armour
 - Level 1.0 Stealth
 - Level 3.0 Spellcasting
 + Level 5.9 Necromancy


You had 8 spell levels left.
You knew the following spells:

 Your Spells              Type           Power      Damage    Failure   Level
a - Necrotise             Necr           100%       1d9       2%          1
b - Vampiric Draining     Necr           31%        2d8       7%          3

Your spell library contained the following spells:

 Spells                   Type           Power      Damage    Failure   Level
 Malign Gateway           Summ/Tloc      1%         N/A       100%        7
 Summon Horrible Things   Summ           1%         N/A       100%        8


Dungeon Overview and Level Annotations

Branches:
Dungeon (4/15)            Ossuary (1/1)
 Temple: D:4-7


Innate Abilities, Weirdness & Mutations

You have an increased reservoir of magic. (+10% MP)
You shall have no god before yourself.
Your divine heritage dramatically boosts your attributes as you level up.


Message History

You hit the mummy. You burn the mummy.
The mummy is lightly damaged.
The mummy hits you!
You hit the mummy but do no damage.
The mummy is lightly damaged.
The mummy closely misses you.
You hit the mummy. You burn the mummy.
The mummy is heavily damaged.
The mummy hits you!
You hit the mummy. You burn the mummy.
The mummy is severely damaged.
The mummy misses you.
You hit the mummy. You burn the mummy.
You destroy the mummy!
The mummy barely misses you.
You have reached level 7!
You closely miss the mummy. You hit the mummy. You burn the mummy.
The mummy is lightly damaged.
The mummy barely misses you.
You hit the mummy but do no damage.
The mummy is lightly damaged.
The mummy hits you!
You closely miss the mummy.
The mummy is lightly damaged.
You hit the mummy but do no damage.
The mummy is lightly damaged.
The mummy hits you!
* * * LOW HITPOINT WARNING * * *
Okay, then.
As you read the scroll of teleportation, it crumbles to dust.
You feel strangely unstable.
You barely miss the mummy.
The mummy is lightly damaged.
The mummy hits you.
* * * LOW HITPOINT WARNING * * *
You hit the mummy. You burn the mummy.
The mummy is severely damaged.
The mummy hits you!
You die...

#....#
#....#
#....#
#....#
#....#
#....#
#....#
#.M..#
#)∩@.#
######


You could see a mummy.

Vanquished Creatures
  Pikel (D:4)
  A lemure (D:4)
  A scorpion (D:4)
  4 mummies
  A worm (D:2)
  5 dart slugs
  3 bats
  8 endoplasms
  3 giant cockroaches
  9 goblins
  3 hobgoblins
  6 kobolds
  3 quokkas (D:1)
  8 ball pythons
  3 frilled lizards
  A gnoll zombie (Ossuary)
  A goblin zombie (D:4)
  3 hobgoblin zombies (Ossuary)
  4 kobold zombies
  An orc zombie (Ossuary)
  5 rats
74 creatures vanquished.

Notes
Turn   | Place    | Note
-------+----------+-------------------------------------------
     0 | D:1      | wingedge the Demigod Wanderer began the quest for the Orb.
     0 | D:1      | wingedge set off with the following items: a +2 dagger, 4
                  | curare-tipped darts, a potion of lignification, a scroll of
                  | fog, a +0 robe; and the following spell memorised:
                  | Necrotise; and the following spells available to memorise:
                  | Vampiric Draining.
     0 | D:1      | Reached XP level 1. HP: 14/14 MP: 5/5
    81 | D:1      | Reached skill level 2 in Necromancy
   338 | D:1      | Reached XP level 2. HP: 20/20 MP: 1/7
   643 | D:1      | Reached skill level 3 in Necromancy
  1131 | D:2      | Reached XP level 3. HP: 26/26 MP: 5/8
  1253 | D:2      | Learned a level 3 spell: Vampiric Draining
  2930 | D:4      | Noticed a scorpion
  2937 | D:4      | Killed a scorpion
  2938 | D:4      | Reached skill level 4 in Necromancy
  2938 | D:4      | Reached XP level 4. HP: 18/33 MP: 7/11
  3049 | D:4      | Noticed a lemure
  3101 | D:4      | Killed a lemure
  3196 | D:4      | Noticed Pikel
  3203 | D:4      | Noticed a lemure
  3204 | D:4      | Killed Pikel
  3205 | D:4      | Reached skill level 5 in Necromancy
  3205 | D:4      | Reached XP level 5. HP: 42/42 MP: 8/12
  3205 | D:4      | Reached XP level 6. HP: 50/50 MP: 8/13
  3232 | D:4      | Found a sand-covered staircase.
  3249 | Ossuary  | Entered an ossuary
  3467 | Ossuary  | Reached XP level 7. HP: 32/56 MP: 14/14
  3474 | Ossuary  | Slain by a mummy

Illustrated notes

Levels and vault maps discovered:
D:1:      lemuel_arrival_river_ford, layout_basic,
          hellmonk_ecumenical_altar_inner_sanctum, wad_floor_pattern_1,
          st_stairs_2, minmay_tetromino_s4
D:2:      layout_loops_cross
D:3:      layout_loops_corners, gammafunk_temple_overflow_elements,
          nicolae_overflow_ecumenical_swirl
D:4:      layout_rooms, nicolae_yredelemnul_corpse_copse,
          nicolae_ossuary_entry_giza, uniq_pikel
Ossuary:  ossuary_tomb_3

Skill      XL: |  1  2  3  4 |
---------------+-------------+-----
Necromancy     | 2 3 4 5 |  5.9
Spellcasting   | 2 3 |  3.0
Fighting       | 2 |  2.9
Throwing       | |  4.5
Armour         | |  0.3
Stealth        | |  1.0

Action                     |  1- 3 |  4- 6 |  7- 9 || total
---------------------------+-------+-------+-------++-------
  Melee: Dagger            |     5 |     1 |       ||     6
         Flail             |       |    17 |       ||    17
         Whip              |       |    56 |     7 ||    63
  Throw: Dart              |     2 |     2 |       ||     4
   Cast: Necrotise         |   126 |     7 |       ||   133
    Use: Scroll            |     6 |     5 |     1 ||    12
         Potion            |       |     1 |       ||     1
 Armour: Robe              |     2 |       |       ||     2
         Ring mail         |     9 |    21 |       ||    30
         Skin              |       |     8 |       ||     8
  Dodge: Dodged            |    21 |    26 |     1 ||    48
